 Dungeon Crawl Stone Soup version 0.16.2-2-g470672f (webtiles) character file.

828 monobi the Sneak (level 7, -2/46 HPs)
             Began as an Octopode Monk on Sept 4, 2015.
             Slain by a killer bee (7 damage)
             ... on level 8 of the Dungeon.
             The game lasted 00:12:45 (3898 turns).

monobi the Sneak (Octopode Monk)                    Turns: 3898, Time: 00:12:45

Health: -2/46      AC:  1    Str: 12    XL:     7   Next: 97%
Magic:  7/7        EV: 13    Int: 13    God:
Gold:   354        SH:  0    Dex: 16    Spells: 0 memorised, 6 levels left

rFire  . . .     SeeInvis .     s - +7 quarterstaff (chaos)
rCold  . . .     Clarity  .     (no shield)
rNeg   . . .     SustAb   .     (helmet restricted)
rPois  .         Gourm    .     j - amulet of regeneration
rElec  .         Spirit   .     l - +2 ring of strength
rCorr  .         Warding  .     (no ring)
rMut   .         Stasis   .     (no ring)
MR     .....                    (no ring)
Stlth  +++++.....               (no ring)
                                (no ring)
                                (no ring)
                                (no ring)

@: lethally poisoned (-2 -> -3), not resistant to hostile enchantments, quite
stealthy
A: almost no armour, amphibious, 8 rings, constrict 8, camouflage 1, gelatinous
body 1
a: no special abilities


You were on level 8 of the Dungeon.
You were not hungry.

You visited 1 branch of the dungeon, and saw 6 of its levels.

You collected 354 gold pieces.

Inventory:

Hand weapons
 r - a +3 hammer of draining
 s - a +7 quarterstaff of chaos (weapon)
Armour
 n - a +0 buckler
Jewellery
 h - an uncursed amulet of guardian spirit
 j - an amulet of regeneration (around mantle)
 l - a +2 ring of strength (left tentacle)
Scrolls
 a - a scroll of magic mapping
 c - a scroll of blinking
 d - 2 scrolls of identify
 k - 2 scrolls of remove curse
 t - a scroll of enchant armour {unknown}
Potions
 e - a potion of invisibility {unknown}
 g - a potion of curing
 i - a potion of heal wounds {unknown}
 p - 2 potions of haste {unknown}
 q - a potion of mutation {unknown}
Comestibles
 b - 2 bread rations
 f - a beef jerky
 m - 6 fruits


   Skills:
 - Level 3.0 Fighting
 * Level 2.8 Staves
 - Level 3.0 Dodging
 + Level 7.7 Stealth
 * Level 7.4 Unarmed Combat


You had 6 spell levels left.
You didn't know any spells.

Dungeon Overview and Level Annotations

Branches:
Dungeon (8/15)             Temple (0/1) D:4
   Lair: D:8-11

Altars:
Cheibriados
Gozag

Annotations:
D:4 DizzySkin's ghost, average DECj


Innate Abilities, Weirdness & Mutations

You cannot wear most types of armour.
You are amphibious.
You can wear up to eight rings at the same time.
You can use your tentacles to constrict many enemies at once.
Your skin changes colour to match your surroundings (Stealth).
Your rubbery body absorbs attacks (AC +1).


Message History

Your squeeze misses the killer bee. The killer bee stings you.
The killer bee barely misses you. The killer bee stings you.
You are poisoned.
The killer bee poisons you! The killer bee barely misses you.
The killer bee stings you. The killer bee stings you!
The killer bee barely misses you.
You sock the killer bee!
You heal the killer bee.
The killer bee is completely healed.
You grab the killer bee.
You squeeze the killer bee, but do no damage.
You constrict the killer bee.
You feel sick. The killer bee stings you!
* * * LOW HITPOINT WARNING * * *
The killer bee stings you.
* * * LOW HITPOINT WARNING * * *
The killer bee closely misses you. The killer bee misses you.
The killer bee barely misses you. The killer bee stings you.
* * * LOW HITPOINT WARNING * * *
You sock the killer bee!
The killer bee is heavily wounded.
You constrict the killer bee.
You feel sick. The killer bee stings you!
You die...

########.##.# #..
#.##.# #.....
########.##.#
#......
.........##.#
#......#
###########.#
#!.....#
.........####......#
#...#####....y(....#
#...yyy..#
#....@y..#
#.....[..#
########.# .. .+ #


You could see 5 killer bees.

Vanquished Creatures
  A water moccasin (D:8)
  A phantom (D:4)
  2 scorpions
  A hound (D:3)
  Crazy Yiuf (D:3)
  2 orc priests
  4 worker ants
  An iguana (D:5)
  2 orc wizards (D:5)
  Ijyb (D:2)
  A hound skeleton (D:5)
  Robin (D:4)
  7 adders
  A giant mite (D:5)
  2 worms
  9 orcs
  3 bats
  A bat skeleton (D:5)
  5 giant cockroaches
  21 goblins
  13 hobgoblins
  4 jackals (D:3)
  3 giant geckos
  6 giant newts
  10 kobolds
  4 quokkas
  A quokka skeleton (D:4)
  13 rats
121 creatures vanquished.

Notes
Turn   | Place    | Note
--------------------------------------------------------------
     0 | D:1      | monobi, the Octopode Monk, began the quest for the Orb.
     0 | D:1      | Reached XP level 1. HP: 16/16 MP: 1/1
   276 | D:1      | Reached XP level 2. HP: 17/21 MP: 2/2
   944 | D:2      | Reached XP level 3. HP: 7/26 MP: 3/3
  1520 | D:2      | Reached skill level 5 in Unarmed Combat
  1543 | D:2      | Noticed Ijyb
  1556 | D:2      | Killed Ijyb
  1556 | D:2      | Reached XP level 4. HP: 29/31 MP: 4/4
  1892 | D:3      | Noticed Crazy Yiuf
  1900 | D:3      | Killed Crazy Yiuf
  2063 | D:3      | Reached XP level 5. HP: 26/36 MP: 5/5
  2183 | D:3      | Reached skill level 5 in Stealth
  2216 | D:3      | Reached skill level 6 in Unarmed Combat
  2565 | D:3      | Reached XP level 6. HP: 40/42 MP: 6/6
  2826 | D:4      | Found a staircase to the Ecumenical Temple.
  2907 | D:4      | Found a snail-covered altar of Cheibriados.
  3109 | D:4      | Noticed Robin
  3121 | D:4      | Killed Robin
  3233 | D:4      | Found an opulent altar of Gozag.
  3277 | D:4      | Noticed DizzySkin's ghost (average DECj)
  3291 | D:3      | Reached skill level 7 in Unarmed Combat
  3291 | D:3      | Reached XP level 7. HP: 9/46 MP: 7/7
  3479 | D:5      | Entered Level 5 of the Dungeon
  3500 | D:5      | Reached skill level 1 in Staves
  3843 | D:5      | You fall through a shaft for 3 floors!
  3898 | D:8      | Slain by a killer bee

Action                   |  1- 3 |  4- 6 |  7- 9 || total
-------------------------+-------+-------+-------++-------
Melee: Unarmed           |    70 |    67 |       ||   137
       Quarterstaff      |       |    70 |    44 ||   114
  Use: Scroll            |       |    14 |       ||    14
       Potion            |       |     2 |       ||     2
 Stab: Sleeping          |     9 |     9 |    10 ||    28
       Distracted        |     1 |     3 |       ||     4
       Confused          |       |     1 |       ||     1
       Paralysed         |       |       |     1 ||     1
  Eat: Chunk             |     2 |     2 |     1 ||     5
       Meat ration       |       |     1 |       ||     1
       Beef jerky        |       |       |     1 ||     1
